 Dungeon Crawl Stone Soup version 0.22-a0-877-g5c4e1af (webtiles) character file.

4306 prawnwizard the Carver (level 10, -1/63 HPs)
             Began as a Demonspawn Gladiator on July 29, 2018.
             Was a Priest of Trog.
             Slain by a large abomination (11 damage)
             ... on level 1 of the Abyss.
             The game lasted 00:10:27 (7089 turns).

prawnwizard the Carver (Demonspawn Gladiator)       Turns: 7089, Time: 00:10:28

Health: -1/63      AC: 24    Str: 14    XL:     10   Next: 11%
Magic:  0/10       EV:  9    Int:  5    God:    Trog [***...]
Gold:   411        SH:  0    Dex: 15    Spells: 9/9 levels left

rFire    . . .     SeeInvis .   B - +0 scimitar (drain)
rCold    . . .     Gourm    .   (no shield)
rNeg     . . .     Faith    .   s - +0 chain mail
rPois    .         Spirit   +   c - +0 helmet
rElec    .         Reflect  .   (no cloak)
rCorr    +         Harm     .   w - +2 pair of gloves
MR       .....                  (no boots)
Stlth    ..........             l - amulet of guardian spirit
HPRegen  0.00/turn              u - ring of wizardry
MPRegen  0.12/turn              p - ring of resist corrosion

@: sanguine armour
A: talons 2, demonic guardian 1, [dopey 2], [frail 2], [inhibited regeneration],
[weak 2], sanguine armour 3
a: Berserk, Trog's Hand, Renounce Religion


You were on level 1 of the Abyss.
You worshipped Trog.
Trog was most pleased with you.
You were hungry.

You visited 1 branch of the dungeon, and saw 8 of its levels.
You visited the Abyss 1 time.

You collected 411 gold pieces.

Inventory:

Hand Weapons
 a - a +0 long sword
 B - a +0 scimitar of draining (weapon)
Missiles
 d - 4 throwing nets (quivered)
Armour
 b - a +0 leather armour
 c - a +0 helmet (worn)
 i - a +0 ring mail
 s - a +0 chain mail (worn)
 w - a +2 pair of gloves (worn)
Jewellery
 g - a +2 ring of intelligence
 l - an amulet of guardian spirit (around neck)
 p - a ring of resist corrosion (right hand)
 u - a ring of wizardry (left hand)
 I - a cursed ring of teleportation {unknown}
Wands
 q - a wand of random effects (25)
 t - a wand of digging (14)
 F - a wand of enslavement (15)
Scrolls
 e - 7 scrolls of remove curse
 h - 7 scrolls of identify
 r - a scroll of teleportation
 v - 2 scrolls of fog {unknown}
 x - a scroll of holy word {unknown}
 y - a scroll of blinking {unknown}
 z - a scroll of enchant armour {unknown}
 C - a scroll of enchant weapon {unknown}
Potions
 j - 2 potions of berserk rage {unknown}
 k - 3 potions of brilliance
 m - 3 potions of heal wounds {unknown}
 n - 3 potions of curing {unknown}
 o - a potion of might
 A - a potion of agility {unknown}
 D - 2 potions of lignification {unknown}
 E - a potion of resistance {unknown}
 G - a potion of flight {unknown}
Comestibles
 f - 18 rations


   Skills:
 + Level 7.6 Fighting
 * Level 10.0 Long Blades
 - Level 1.7 Throwing
 + Level 7.3 Dodging


You had 9 spell levels left.
You didn't know any spells.
Your spell library was empty.

Dungeon Overview and Level Annotations

Branches:
Dungeon (8/15)
 Temple: D:4-7         Lair: D:8-11

Altars:
Cheibriados
Elyvilon
Gozag
Hepliaklqana
Kikubaaqudgha
Trog
Uskayaw
The Shining One

Shops:
D:4 }

Annotations:
D:8 Grum


Innate Abilities, Weirdness & Mutations

You have razor-sharp toenails.
A weak demonic guardian rushes to your aid.
When seriously injured, your bleeding wounds create very thick armour. (AC +12)
[You are very dopey. (Int -4)]
[You are very frail. (-20% HP)]
[You do not regenerate when monsters are visible.]
[You are very weak. (Str -4)]


Message History

Your white imp disappears in a puff of smoke!
A chaos spawn comes into view.
A chaos spawn is nearby!
The chaos spawn trumpets!
You see here 8 gold pieces.
You start resting.
You are feeling hungry.
The chaos spawn closely misses something.
The large abomination closely misses you.
You riposte.
You hit the large abomination but do no damage.
You claw the large abomination, but do no damage.
Your shadow imp closely misses the large abomination.
The chaos spawn gores your shadow imp!
Your shadow imp closely misses the chaos spawn.
The chaos spawn hits your shadow imp.
Your shadow imp dies!
A ynoxinul comes into view.
The large abomination hits you!!
You die...

.. .# .####.# # ..#...
##.. ..# ## ###.# .#.##.#
# #.X.## ..#.... .
#.#@#....###. #
#....#.#4.#.# # #.#
#...###.....# .# # ###
3ยง.#.....#.##$...##.#..#
##....#.#..###.#... .#
..###....## #.....#.. #
..#.....## #...#... .. ..
..... ####.. .# ...#
..#.#.


You could see a large abomination and a ynoxinul.

Vanquished Creatures
  Harold (D:7)
  Prince Ribbit (D:5)
  Grinder (D:6)
  A large abomination (Abyss:1)
  A hungry ghost (D:8)
  Menkaure (D:6)
  A sky beast (D:5)
  An ice beast (D:5)
  A black bear (D:7)
  3 ogres
  A phantom (D:7)
  2 wolves (D:8)
  2 centaurs
  2 bullfrogs (D:6)
  Blork the orc (D:5)
  3 killer bees (D:7)
  A vampire bat (D:5)
  2 bullfrog zombies (D:5)
  5 crimson imps
  A centaur zombie (D:5)
  2 bullfrog skeletons (D:5)
  Crazy Yiuf (D:7)
  4 centaur skeletons
  2 jellies
  An orc priest (D:3)
  Ijyb (D:5)
  2 orc wizards
  2 iguanas
  2 worker ants
  A killer bee zombie (D:6)
  Robin (D:2)
  2 worker ant zombies (D:5)
  3 gnolls (D:2)
  12 adders
  An adder skeleton (D:5)
  3 adder zombies (D:5)
  A worm (D:4)
  2 dart slugs
  3 leopard geckos
  21 orcs
  A ball python (D:2)
  4 bat skeletons (D:5)
  A bat zombie (D:5)
  2 giant cockroaches (D:1)
  14 hobgoblins
  19 jackals
  2 quokkas
  A ball python zombie (D:5)
  4 bats
  8 frilled lizards
  20 goblins
  A jackal skeleton (D:4)
  8 kobolds
  4 rats (D:3)
188 creatures vanquished.

Vanquished Creatures (collateral kills)
  Joseph (D:7)
  2 orc warriors
  A wolf (D:8)
  A bullfrog zombie (D:6)
  An orc (D:8)
6 creatures vanquished.

Grand Total: 194 creatures vanquished

Notes
Turn   | Place    | Note
-------+----------+-------------------------------------------
     0 | D:1      | prawnwizard the Demonspawn Gladiator began the quest for the Orb.
     0 | D:1      | Reached XP level 1. HP: 16/16 MP: 1/1
   124 | D:1      | Reached skill level 3 in Long Blades
   127 | D:1      | Gained mutation: When seriously injured, your bleeding wounds create armour. (AC +12) [demonic ancestry]
   127 | D:1      | Reached XP level 2. HP: 17/22 MP: 2/2
   637 | D:1      | Reached XP level 3. HP: 28/28 MP: 3/3
   863 | D:2      | Gained mutation: When seriously injured, your bleeding wounds create thick armour. (AC +12) [demonic ancestry]
   863 | D:2      | Reached XP level 4. HP: 19/34 MP: 4/4
  1255 | D:2      | Reached skill level 4 in Long Blades
  1279 | D:2      | Found a bloodstained altar of Trog.
  1316 | D:2      | HP: 1/35 [gnoll/spear (7)]
  1317 | D:2      | Gained mutation: You have sharp toenails. [demonic ancestry]
  1317 | D:2      | Reached XP level 5. HP: 1/41 MP: 5/5
  1669 | D:2      | Noticed Robin
  1714 | D:2      | Killed Robin
  1882 | D:2      | Became a worshipper of Trog the Wrathful
  2839 | D:3      | Reached * piety under Trog
  2898 | D:3      | Reached XP level 6. HP: 25/47 MP: 3/6
  3178 | D:3      | Found an opulent altar of Gozag.
  3178 | D:3      | Found a hide-covered altar of Uskayaw.
  3179 | D:3      | Found a white marble altar of Elyvilon.
  3520 | D:4      | Found a snail-covered altar of Cheibriados.
  3579 | D:4      | Found Vevuas's Gadget Shoppe.
  3926 | D:4      | Found a glowing golden altar of the Shining One.
  4126 | D:5      | Entered Level 5 of the Dungeon
  4132 | D:5      | Reached skill level 5 in Long Blades
  4140 | D:5      | Noticed Prince Ribbit
  4151 | D:5      | Killed Prince Ribbit
  4151 | D:5      | Gained mutation: When seriously injured, your bleeding wounds create very thick armour. (AC +12) [demonic ancestry]
  4151 | D:5      | Reached XP level 7. HP: 29/54 MP: 3/7
  4222 | D:5      | Found an ancient bone altar of Kikubaaqudgha.
  4295 | D:5      | Reached skill level 6 in Long Blades
  4427 | D:5      | Noticed Ijyb
  4437 | D:5      | Killed Ijyb
  4437 | D:5      | Reached ** piety under Trog
  4450 | D:5      | Reached skill level 5 in Dodging
  4458 | D:5      | Reached skill level 5 in Fighting
  4458 | D:5      | Gained mutation: You have razor-sharp toenails. [demonic ancestry]
  4458 | D:5      | Reached XP level 8. HP: 8/62 MP: 2/8
  4750 | D:5      | Noticed Blork the orc
  4772 | D:5      | Killed Blork the orc
  4772 | D:5      | Reached skill level 7 in Long Blades
  5179 | D:6      | Noticed Menkaure
  5185 | D:6      | Killed Menkaure
  5500 | D:6      | Noticed Grinder
  5507 | D:6      | Reached skill level 8 in Long Blades
  5512 | D:6      | Killed Grinder
  5512 | D:6      | Gained mutation: A weak demonic guardian rushes to your aid. [demonic ancestry]
  5512 | D:6      | Reached XP level 9. HP: 69/69 MP: 6/9
  6259 | D:7      | Noticed Harold
  6281 | D:7      | Killed Harold
  6281 | D:7      | Reached skill level 9 in Long Blades
  6379 | D:7      | Reached *** piety under Trog
  6435 | D:7      | Found a runed door.
  6496 | D:7      | Noticed Joseph
  6511 | D:7      | Killed Joseph
  6610 | D:7      | Found a hazy altar of Hepliaklqana.
  6686 | D:7      | Noticed Crazy Yiuf
  6689 | D:7      | Killed Crazy Yiuf
  6892 | D:8      | Reached XP level 10. HP: 77/79 MP: 8/10
  6899 | D:8      | Noticed Grum
  6910 | D:8      | Cast into level 1 of the Abyss (Grum)
  6910 | Abyss:1  | Found a corrupted altar of Lugonu.
  6923 | Abyss:1  | Found a corrupted altar of Lugonu.
  6966 | Abyss:1  | Noticed a wretched star
  6967 | Abyss:1  | Noticed a wretched star
  6976 | Abyss:1  | Noticed a worldbinder
  6995 | Abyss:1  | Noticed an ironheart preserver
  7002 | Abyss:1  | Noticed an ironheart preserver
  7025 | Abyss:1  | Noticed a large abomination
  7073 | Abyss:1  | Reached skill level 10 in Long Blades
  7089 | Abyss:1  | Slain by a large abomination

Vault maps used:
D:1:      ebering_trefoil_3fold
D:2:      bloody_trog, first_ration, uniq_robin
D:3:      nicolae_overflow_hidden_temple, skrybe_limestone_x
D:4:      kennysheep_little_box, tso_altar, serial_shops, nicolae_shop_stone
D:5:      kennysheep_vampire_church, minmay_temple_entry_from_below_a,
          serial_undead, serial_undead_f, serial_undead_a, serial_undead_a,
          serial_undead_f, uniq_prince_ribbit1, uniq_blork_the_orc, uniq_ijyb
D:6:      uniq_grinder, uniq_menkaure
D:7:      lemuel_coloured_pillars_altar, uniq_crazy_yiuf_cottage, uniq_joseph,
          uniq_harold
D:8:      lemuel_round_altar, grunt_livestock, kennysheep_nondescript,
          makhleb_altar_promises_db, uniq_grum

Skill      XL: |  1  2  3  4  5  6  7  8  9 10 |
---------------+-------------------------------+-----
Long Blades    | 3 4 5 6 8 9 10 | 10.0
Dodging        | 3 4 5 6 7 |  7.3
Fighting       | 3 4 5 6 7 |  7.6
Throwing       | |  1.7

Action                   |  1- 3 |  4- 6 |  7- 9 | 10-12 || total
-------------------------+-------+-------+-------+-------++-------
Melee: Long sword        |    95 |   220 |   219 |       ||   534
       Kick              |       |    52 |   111 |    12 ||   175
       Scimitar          |       |       |    83 |    28 ||   111
Invok: Berserk           |       |       |     3 |       ||     3
  Use: Scroll            |       |     4 |       |     1 ||     5
 Stab: Sleeping          |     2 |       |       |       ||     2
       Distracted        |       |       |     3 |       ||     3
  Eat: Chunk             |       |    11 |     9 |       ||    20
       Ration            |       |       |     2 |       ||     2
Armor: Leather armour    |    31 |    53 |       |       ||    84
       Chain mail        |       |    28 |   207 |    34 ||   269
       Ring mail         |       |     7 |       |       ||     7
Dodge: Dodged            |    45 |   165 |   164 |    17 ||   391
       Rpst.: Long sword |    15 |    40 |    55 |       ||   110
       Scimitar          |       |       |     8 |     4 ||    12

Table legend:
 A = Spawn XP
 B = Non-spawn XP
 C = Spawn XP percentage of total XP
 D = Spawn monster count
 E = Non-spawn monster count
 F = Spawn count percentage of total count
 G = Total turns spent on level
                    A         B        C        D         E        F      G
               +---------+---------+-------+---------+---------+-------+---------
         Total |     194 |    5958 |   3.2 |       1 |     193 |   0.5 |  7089
               +---------+---------+-------+---------+---------+-------+---------
           D:1 |       0 |      43 |   0.0 |       0 |      26 |   0.0 |   795
           D:2 |       0 |     203 |   0.0 |       0 |      33 |   0.0 |  1363
           D:3 |       0 |     149 |   0.0 |       0 |      29 |   0.0 |  1238
           D:4 |       0 |      70 |   0.0 |       0 |      11 |   0.0 |   833
           D:5 |       0 |    1698 |   0.0 |       0 |      45 |   0.0 |   945
           D:6 |       0 |    1186 |   0.0 |       0 |      20 |   0.0 |   894
           D:7 |       0 |    1955 |   0.0 |       0 |      13 |   0.0 |   667
           D:8 |       0 |     654 |   0.0 |       0 |      16 |   0.0 |   175
       Abyss:1 |     194 |       0 | 100.0 |       1 |       0 | 100.0 |   179
               +---------+---------+-------+---------+---------+-------+---------
